 Dungeon Crawl Stone Soup version 0.30-a0-578-gdee14c521f (webtiles) character file.

Game seed: 7664933140081530929

2595 Persephone the Basher (level 9, -2/51 HPs)
             Began as a Gargoyle Berserker on Jan 1, 2023.
             Was a Believer of Trog.
             Slain by a gnoll
             ... wielding a +0 halberd
             ... led by a gnoll bouda
              (6 damage)
             ... on level 6 of the Dungeon.
             The game lasted 00:13:57 (5525 turns).

Persephone the Basher (Gargoyle Berserker)          Turns: 5525, Time: 00:13:58

Health: -2/51      AC: 14    Str: 25    XL:     9   Next: 59%
Magic:  9/9        EV: 10    Int:  8    God:    Trog [**....]
Gold:   255        SH:  0    Dex:  9    Spells: 8/8 levels left

rFire   . . .      SeeInvis +    f - +0 morningstar
rCold   . . .      Faith    .    (no shield)
rNeg    + . .      Spirit   .    q - +0 scale mail
rPois   ∞          Reflect  .    d - +0 helmet
rElec   +          Harm     .    (no cloak)
rCorr   .          Rampage  .    (no gloves)
Will    +++..                    (no boots) Stlth
                                 (no amulet)
HPRegen 1.28/turn                i - ring of see invisible
MPRegen 0.11/turn                n - ring of willpower

@: strong-willed, on berserk cooldown, regenerating, slowed, studying Shields,
very slow
A: sickness immunity, AC +6, negative energy resistance 1, electricity
resistance, torment resistance 1, petrification resistance
a: Renounce Religion, Berserk, Trog's Hand


You were on level 6 of the Dungeon.
You worshipped Trog.
Trog was pleased with you.
You visited 1 branch of the dungeon, and saw 7 of its levels.
You also visited: Sewer.

You collected 255 gold pieces.

Inventory:

Hand Weapons
 f - a +0 morningstar (weapon)
Missiles
 a - 2 javelins (quivered)
 j - a throwing net
Armour
 b - a +0 animal skin
 d - a +0 helmet (worn)
 q - a +0 scale mail (worn)
Jewellery
 h - a ring of magical power
 i - a ring of see invisible (left hand)
 n - a ring of willpower (right hand)
 x - an amulet of faith
Wands
 A - a wand of charming (8)
 B - a wand of flame (13)
Scrolls
 e - 3 scrolls of fog
 l - 4 scrolls of identify
 o - a scroll of silence
 s - a scroll of teleportation
 y - a scroll of blinking
Potions
 c - 2 potions of heal wounds
 g - 2 potions of flight
 k - 3 potions of lignification {unknown}
 m - 2 potions of invisibility {unknown}
 p - 2 potions of attraction {unknown}
 r - a potion of berserk rage {unknown}
 t - 3 potions of might {unknown}
 u - 2 potions of haste {unknown}
 v - a potion of magic {unknown}
 w - 2 potions of resistance
 z - 2 potions of curing {unknown}


   Skills:
 - Level 3.2 Fighting
 + Level 13.0 Maces & Flails
 - Level 2.1 Armour
 - Level 1.5 Dodging


You had 8 spell levels left.
You didn't know any spells.
Your spell library was empty.

Dungeon Overview and Level Annotations

Branches:
Dungeon (7/15)             Temple (0/1) D:4           Sewer (visited)

Altars:
Dithmenos
Kikubaaqudgha
Ru
Sif Muna
Uskayaw


Innate Abilities, Weirdness & Mutations

You are immune to sickness and miasma.
Your stone body is resilient. (AC +6)
You are immune to poison.
You resist negative energy. (rN+)
You are resistant to electric shocks. (rElec)
You are resistant to unholy torment.
You are immune to petrification.


Message History

The orc priest hits you but does no damage.
You hit the orc priest.
The orc priest is almost dead.
You impale the orc priest!!
You kill the orc priest!
Trog accepts your kill.
The orc priest calls down the wrath of Beogh upon you.
Beogh smites you!
* * * LOW HITPOINT WARNING * * *
Your Maces & Flails skill increases to level 13!
You hit the orc but do no damage. The orc hits you with a +0 whip.
* * * LOW HITPOINT WARNING * * *
You barely miss the orc. You puncture the orc!
You kill the orc!
Trog accepts your kill.
The orc priest calls down the wrath of Beogh upon you.
Beogh smites you!
* * * LOW HITPOINT WARNING * * *
The gnoll closely misses you. The gnoll hits you but does no damage.
The orc wizard misses you. The orc hits you but does no damage.
Items here: )))) [[ ††.
You closely miss the orc.
You are no longer berserk.
You are exhausted.
You feel yourself slow down. The gnoll closely misses you.
You hit the orc.
The orc is heavily wounded.
The gnoll hits you with a +0 club.
* * * LOW HITPOINT WARNING * * *
The orc wizard hits you but does no damage.
The orc hits you but does no damage. The gnoll closely misses you.
The gnoll hits you but does no damage.
You closely miss the orc.
The orc is heavily wounded.
The gnoll is no longer moving quickly. x2
The orc wizard hits you but does no damage.
The orc closely misses you.
The gnoll hits you from afar with a +0 halberd.
You die... ##........# ..#......# ##........# .........# ........# #.og... #ooog#

. ... #@# . ...
#(# #.#.# #.#
#.#.. #.#
####.#.## #.#
...loo.#####.#.#
#ogoz......#.#
#># #.#
##)########.#


You could see an orc priest, an orc wizard, 2 gnolls and 2 orcs.

Vanquished Creatures
  A yak (D:5)
  A sky beast (D:7)
  2 ice beasts (D:7)
  An ogre (D:4)
  2 phantoms (D:4)
  4 bullfrogs
  3 kobold brigands
  4 necrophages
  3 scorpions
  2 wights (D:7)
  2 howler monkeys
  4 hounds
  A jelly (D:6)
  2 orc priests
  3 gnoll boudas
  7 iguanas
  4 orc wizards
  5 adders
  11 gnolls
  3 white imps
  An ufetubus (D:7)
  6 worms
  2 dart slugs
  12 orcs
  7 bats
  4 endoplasms
  4 giant cockroaches
  3 goblins
  10 hobgoblins
  4 jackals (D:2)
  4 quokkas
  9 ball pythons
  3 frilled lizards
  15 kobolds
  7 rats
156 creatures vanquished.

Vanquished Creatures (others)
  5 plants (D:2)
5 creatures vanquished.

Grand Total: 161 creatures vanquished

Notes
Turn   | Place    | Note
-------+----------+-------------------------------------------
     0 | D:1      | Persephone the Gargoyle Berserker began the quest for the
                  | Orb.
     0 | D:1      | Reached XP level 1. HP: 14/14 MP: 1/1
   113 | D:1      | Reached XP level 2. HP: 19/19 MP: 2/2
   271 | D:1      | Found a faded altar of an unknown god.
   632 | D:1      | Reached skill level 4 in Maces & Flails
   808 | D:2      | Reached XP level 3. HP: 21/23 MP: 3/3
  1114 | D:2      | Reached ** piety under Trog
  1140 | D:2      | Found an ancient bone altar of Kikubaaqudgha.
  1895 | D:3      | Reached XP level 4. HP: 28/28 MP: 4/4
  2241 | D:4      | Noticed a necrophage
  2249 | D:4      | Killed a necrophage
  2250 | D:4      | Reached skill level 5 in Maces & Flails
  2250 | D:4      | Reached XP level 5. HP: 27/32 MP: 5/5
  2341 | D:4      | Reached skill level 6 in Maces & Flails
  2414 | D:4      | Noticed a +0 hand axe
  2417 | D:4      | Noticed a +0 hand axe
  2425 | D:4      | Found a hide-covered altar of Uskayaw.
  2464 | D:4      | Noticed an ogre
  2468 | D:4      | Killed an ogre
  2469 | D:4      | Reached XP level 6. HP: 29/37 MP: 6/6
  2673 | D:4      | Reached skill level 7 in Maces & Flails
  2764 | D:4      | Reached XP level 7. HP: 32/41 MP: 7/7
  2766 | D:4      | Reached skill level 8 in Maces & Flails
  3165 | D:4      | Found a staircase to the Ecumenical Temple.
  3286 | D:5      | Entered Level 5 of the Dungeon
  3392 | D:5      | Reached skill level 9 in Maces & Flails
  3432 | D:5      | Noticed a yak
  3486 | D:5      | Killed a yak
  3487 | D:5      | Reached XP level 8. HP: 43/46 MP: 8/8
  3587 | D:5      | Found a glowing drain.
  3610 | Sewer    | Entered a sewer
  3679 | Sewer    | Reached skill level 10 in Maces & Flails
  4104 | D:5      | Reached *** piety under Trog
  4458 | D:6      | You fall into a shaft and drop 1 floor!
  4622 | D:7      | Reached skill level 11 in Maces & Flails
  4725 | D:7      | Reached XP level 9. HP: 51/51 MP: 9/9
  4771 | D:7      | Found a shadowy altar of Dithmenos.
  4883 | D:7      | Reached skill level 12 in Maces & Flails
  5227 | D:6      | Found a sacrificial altar of Ru.
  5361 | D:6      | Found a shimmering blue altar of Sif Muna.
  5519 | D:6      | Reached skill level 13 in Maces & Flails
  5521 | D:6      | HP: 2/76 [orc priest/divine providence (12)]
  5525 | D:6      | Slain by a gnoll

Illustrated notes

Levels and vault maps discovered:
D:1:      tarquinn_simple_flora_water_c, layout_loops_corners,
          shapermc_ecumenical_altar_mp_ritualfount
D:2:      cheibrodos_old_hovel, layout_basic, basic_altar
D:3:      layout_basic
D:4:      nicolae_cairo_tiling_large_dashed, layout_loops_ring,
          dancing_weapons_uskayaw
D:5:      minmay_chambers_of_fours, layout_rooms, cheibrodos_sewer_entry_sluice
D:6:      layout_loops_ring, nicolae_ru_sacrificial_ziggurat,
          mainiacjoe_overflow_boulevard, jmf_multi_god_temple2,
          general_overflow_altar, lightli_minifort, uniq_blork_the_orc
D:7:      layout_basic, overflow_temple_1_default, minmay_misc_feat_encased,
          grunt_ministairs_11, minmay_manual_mess

Skill      XL: |  1  2  3  4  5  6  7  8  9 |
---------------+----------------------------+-----
Maces & Flails | 4 5 6 7 9 11 13 | 13.0
Fighting       | |  3.2
Armour         | |  2.1
Dodging        | |  1.5

Action                   |  1- 3 |  4- 6 |  7- 9 || total
-------------------------+-------+-------+-------++-------
Melee: Mace              |   119 |    63 |     9 ||   191
       Punch             |       |     1 |     6 ||     7
       Morningstar       |       |       |   351 ||   351
Throw: Javelin           |       |    15 |       ||    15
Invok: Berserk           |       |     3 |     5 ||     8
       Trog's Hand       |       |     2 |     7 ||     9
  Use: Scroll            |     3 |     6 |     3 ||    12
       Potion            |       |       |     1 ||     1
 Stab: Sleeping          |     1 |       |       ||     1
Armor: Animal skin       |    57 |    14 |       ||    71
       Scale mail        |       |    21 |   221 ||   242
Dodge: Dodged            |    87 |    63 |   233 ||   383

Table legend: (Time is in decaauts)
 A = Elapsed time spent in this place.
 B = Non-inter-level travel time spent in this place.
 C = Inter-level travel time spent in this place.
 D = Time resting spent in this place.
 E = Time spent auto-exploring this place.
 F = Levels seen in this place.
 G = Mean time per level.
                   A        B        C        D        E       F      G
               +--------+--------+--------+--------+--------+-----+--------+
         Total |   5698 |   5503 |    195 |      0 |   4211 |   8 |  712.2 |
       Dungeon |   5257 |   5062 |    195 |      0 |   3898 |   7 |  751.0 |
         Sewer |    441 |    441 |      0 |      0 |    313 |   1 |  441.0 |
               +--------+--------+--------+--------+--------+-----+--------+

Top non-repeatable levels by time:
     D:4: 973 daAuts
     D:3: 849 daAuts
     D:1: 813 daAuts
     D:2: 782 daAuts
     D:7: 775 daAuts
     D:5: 745 daAuts
   Sewer: 441 daAuts
     D:6: 317 daAuts
